 Dungeon Crawl Stone Soup version 0.28-a0-987-g8383568036 (webtiles) character file.

Game seed: 18265982534292807425

3506 Decritt the Fighter (level 10, -5/68 HPs)
             Began as a Gargoyle Fighter on Dec 4, 2021.
             Was a Believer of Zin.
             Slain by a two-headed ogre (20 damage)
             ... on level 8 of the Dungeon.
             The game lasted 00:20:53 (10706 turns).

Decritt the Fighter (Gargoyle Fighter)             Turns: 10706, Time: 00:20:54

Health: -5/68      AC: 30    Str: 29    XL:     10   Next: 7%
Magic:  3/3        EV:  5    Int:  8    God:    Zin [**....]
Gold:   135        SH: 21    Dex: 11    Spells: 9/9 levels left

rFire   . . .      SeeInvis .   z - +2 flail (antimagic)
rCold   . . .      Faith    .   g - +2 tower shield
rNeg    + . .      Spirit   .   p - +0 chain mail
rPois   ∞          Reflect  +   (no helmet)
rElec   +          Harm     .   q - +2 cloak
rCorr   .          Rampage  .   s - +1 pair of gloves
Will    .....                   u - +1 pair of boots
Stlth   ..........              v - amulet of reflection
HPRegen 0.21/turn               r - +4 ring of protection
MPRegen 0.08/turn               e - +6 ring of strength

@: on berserk cooldown, slowed, very slow
A: sickness immunity, AC +7, negative energy resistance 1, electricity
resistance, torment resistance 1, petrification resistance
a: Renounce Religion, Recite, Vitalisation, Donate Gold


You were on level 8 of the Dungeon.
You worshipped Zin.
Zin was pleased with you.
You visited 2 branches of the dungeon, and saw 9 of its levels.
You also visited: Ossuary.

You collected 341 gold pieces.
You spent 172 gold pieces at shops.
You donated 34 gold pieces to Zin.

Inventory:

Hand Weapons
 a - the +5 dagger of Foul Odours {antimagic, rPois Will+ rCorr}
   (You found it on level 4 of the Dungeon)

   It reduces the magical energy of the wielder, and disrupts the spells and
   magical abilities of those it strikes.
   Natural abilities and divine invocations are not affected.
   rPois:     It protects you from poison.
   rCorr:     It protects you from acid and corrosion.
   Will:      It increases your willpower.
 z - a +2 antimagic flail (weapon)
 I - a +2 flail of holy wrath
Missiles
 d - 15 poisoned darts (quivered)
 n - a throwing net
 H - 3 boomerangs
Armour
 g - a +2 tower shield (worn)
 p - a +0 chain mail (worn)
 q - a +2 cloak (worn)
 s - a +1 pair of gloves (worn)
 u - a +1 pair of boots (worn)
 B - a +0 pair of boots of stealth
Jewellery
 e - a +6 ring of strength (right hand)
 m - a ring of see invisible
 r - a +4 ring of protection (left hand)
 v - an amulet of reflection (around neck)
Wands
 b - a wand of flame (12)
Scrolls
 c - a scroll of amnesia
 f - 4 scrolls of enchant weapon
 i - a scroll of fog
 k - 9 scrolls of teleportation
 w - a scroll of summoning
 y - a scroll of fear
 C - 5 scrolls of immolation
Potions
 h - 4 potions of curing
 j - 2 potions of haste
 l - 2 potions of attraction
 o - 2 potions of resistance
 t - a potion of berserk rage
 x - 3 potions of might
 A - 2 potions of mutation
 E - 3 potions of cancellation


   Skills:
 * Level 10.6 Fighting
 + Level 6.7 Maces & Flails
 + Level 7.7 Armour
 + Level 7.0 Shields


You had 9 spell levels left.
You didn't know any spells.
Your spell library contained the following spells:

 Spells                   Type           Power      Damage    Failure   Level
 Magic Dart               Conj           0%         1d3       100%        1
 Call Imp                 Summ           0%         N/A       100%        2
 Dazzling Flash           Conj/Hex       0%         N/A       100%        3
 Inner Flame              Hex/Fire       0%         N/A       100%        3
 Mephitic Cloud           Conj/Pois/Air  0%         N/A       100%        3
 Animate Armour           Summ/Erth      0%         N/A       100%        4
 Cause Fear               Hex            0%         N/A       100%        4
 Iskenderun's Mystic Bla  Conj/Tloc      0%         2d3       100%        4
 Agony                    Necr           0%         N/A       100%        5
 Blade Hands              Tmut           0%         N/A       100%        5
 Fireball                 Conj/Fire      0%         3d3       100%        5
 Silence                  Hex/Air        0%         N/A       100%        5
 Iron Shot                Conj/Erth      0%         9d1       100%        6
 Starburst                Conj/Fire      0%         6d3       100%        6
 Discord                  Hex            0%         N/A       100%        8
 Ignition                 Fire           0%         3d3       100%        8


Dungeon Overview and Level Annotations

Branches:
Dungeon (8/15)             Temple (1/1) D:7         Ossuary (visited)
   Lair: D:8-11

Altars:
Ashenzari
Cheibriados
Dithmenos
Gozag
Hepliaklqana
Nemelex Xobeh
Qazlal
Ru
Trog
Uskayaw
Wu Jian
Yredelemnul
Zin
The Shining One

Shops:
D:7 [

Annotations:
D:3 2 transporters


Innate Abilities, Weirdness & Mutations

You are immune to sickness and miasma.
Your stone body is resilient. (AC +7)
You are immune to poison.
You resist negative energy. (rN+)
You are resistant to electric shocks. (rElec)
You are resistant to unholy torment.
You are immune to petrification.


Message History

You block Maggie's attack.
You hit Maggie.
Maggie's magic leaks into the air.
Maggie is almost dead.
Maggie barely misses you.
You barely miss Maggie.
Maggie is almost dead.
Maggie falters for a moment.
You closely miss Maggie.
Maggie is almost dead.
Maggie falters for a moment.
You hit Maggie.
Maggie's magic leaks into the air.
Maggie is almost dead.
Maggie falters for a moment.
You barely miss Maggie.
Maggie is almost dead.
You are no longer corroded.
You block Maggie's attack.
You sock Maggie!
You kill Maggie!
Your Shields skill increases to level 7!
You have reached level 10!
You bludgeon the two-headed ogre!!
The two-headed ogre is moderately wounded.
The two-headed ogre hits you with a +0 giant club!
* * * LOW HITPOINT WARNING * * *
The two-headed ogre hits you with a +0 giant club.
* * * LOW HITPOINT WARNING * * *
You sock the two-headed ogre!
The two-headed ogre is heavily wounded.
You are no longer berserk.
You are exhausted.
You feel yourself slow down.
Unknown command.
You hit the two-headed ogre.
The two-headed ogre is severely wounded.
You block the two-headed ogre's attack. x2
The two-headed ogre hits you with a +0 giant club.
* * * LOW HITPOINT WARNING * * *
The two-headed ogre hits you with a +0 giant club!!
You die...

#######
##.....##
##...8...##
#.._.O@_..#
#...(#....#
#.8( ##.⌠.#
#(( #...#
.# #.
#...#..# #
#....>.#
#<.....#
##......(
#.....##


You could see a two-headed ogre.

Vanquished Creatures
  Maggie (D:8)
  Sigmund (D:4)
  A wraith (D:6)
  Eustachio (D:6)
  A steam dragon (D:7)
  Edmund (D:6)
  An acid dragon (D:8)
  3 water moccasins
  A black bear (D:7)
  A sky beast (D:7)
  3 centaurs (D:7)
  Blork the orc (D:5)
  A gnoll sergeant (D:7)
  3 bullfrogs
  3 scorpions (D:4)
  3 wights (D:7)
  2 howler monkeys
  2 human zombies (Ossuary)
  A centaur skeleton (D:5)
  4 orc priests
  A gnoll shaman (D:7)
  2 hounds
  2 jellies
  Crazy Yiuf (D:5)
  Jessica (D:2)
  3 iguanas
  A scorpion zombie (D:5)
  6 orc wizards (D:7)
  A hound skeleton (D:5)
  4 mummies (Ossuary)
  A howler monkey skeleton (D:5)
  A howler monkey zombie (D:8)
  10 gnolls
  8 adders
  A white imp (D:6)
  A worm (D:2)
  4 dart slugs
  14 orcs
  5 bats
  5 endoplasms
  10 goblins
  6 hobgoblins
  4 jackals
  4 quokkas
  2 ball pythons
  3 frilled lizards
  2 gnoll zombies (Ossuary)
  2 goblin zombies (Ossuary)
  9 kobolds
  2 kobold zombies (Ossuary)
  3 rats
154 creatures vanquished.

Vanquished Creatures (others)
  An orc wizard (D:3)
1 creature vanquished.

Grand Total: 155 creatures vanquished

Notes
Turn   | Place    | Note
-------+----------+-------------------------------------------
     0 | D:1      | Decritt the Gargoyle Fighter began the quest for the Orb.
     0 | D:1      | Reached XP level 1. HP: 14/14 MP: 1/1
   198 | D:1      | Reached XP level 2. HP: 9/19 MP: 2/2
   828 | D:1      | Reached skill level 4 in Fighting
   828 | D:1      | Reached XP level 3. HP: 20/24 MP: 3/3
  1298 | D:1      | HP: 1/24 [gnoll (5)]
  1688 | D:1      | Reached XP level 4. HP: 14/30 MP: 4/4
  2415 | D:2      | Reached skill level 5 in Fighting
  2415 | D:2      | Reached XP level 5. HP: 29/35 MP: 5/5
  2621 | D:2      | Noticed Jessica
  2626 | D:2      | Killed Jessica
  3114 | D:3      | Reached XP level 6. HP: 29/40 MP: 6/6
  3425 | D:3      | Found a transporter.
  3429 | D:3      | Noticed an ice beast
  3540 | D:3      | Found a hazy altar of Hepliaklqana.
  3548 | D:3      | Found a transporter.
  4485 | D:4      | Identified the +5 dagger of Foul Odours {antimagic, rPois
                  | Will+ rCorr}
  4877 | D:4      | Noticed Sigmund
  4888 | D:4      | Killed Sigmund
  4889 | D:4      | Reached skill level 6 in Fighting
  4889 | D:4      | Reached XP level 7. HP: 42/47 MP: 2/7
  4970 | D:4      | Reached skill level 5 in Armour
  5137 | D:5      | Entered Level 5 of the Dungeon
  5189 | D:4      | Reached skill level 7 in Fighting
  5919 | D:5      | Reached XP level 8. HP: 44/53 MP: 2/8
  6290 | D:5      | Found a runed translucent door.
  6291 | D:5      | Noticed Crazy Yiuf
  6322 | D:5      | Killed Crazy Yiuf
  6648 | D:6      | Reached skill level 5 in Shields
  6754 | D:6      | Found a sand-covered staircase.
  6768 | Ossuary  | Entered an ossuary
  6998 | Ossuary  | Reached skill level 8 in Fighting
  6998 | Ossuary  | Reached skill level 5 in Maces & Flails
  7405 | D:6      | Noticed Edmund
  7446 | D:6      | Killed Edmund
  7656 | D:6      | Noticed Eustachio
  7691 | D:6      | Killed Eustachio
  7692 | D:6      | Reached XP level 9. HP: 21/60 MP: 9/9
  7893 | D:6      | Noticed Blork the orc
  7951 | D:5      | Killed Blork the orc
  8282 | D:6      | Reached skill level 9 in Fighting
  9300 | D:7      | Found a staircase to the Ecumenical Temple.
  9309 | Temple   | Entered the Ecumenical Temple
  9468 | Temple   | Became a worshipper of Zin the Law-Giver
  9468 | Temple   | Reached * piety under Zin
  9984 | D:7      | Found Odouduf's Antique Armour Emporium.
 10202 | D:7      | Reached skill level 10 in Fighting
 10204 | D:7      | Bought a pair of embroidered boots for 172 gold pieces
 10661 | D:8      | Found a snail-covered altar of Cheibriados.
 10666 | D:8      | Reached ** piety under Zin
 10671 | D:8      | Found an opulent altar of Gozag.
 10683 | D:8      | Noticed Maggie
 10694 | D:8      | Noticed a two-headed ogre
 10703 | D:8      | Killed Maggie
 10704 | D:8      | Reached XP level 10. HP: 37/68 MP: 3/10
 10706 | D:8      | Slain by a two-headed ogre

Illustrated notes

Levels and vault maps discovered:
D:1:      wander_arrival_estate, layout_rooms, chequers_decorated_corner,
          minmay_split_cup_large
D:2:      layout_basic, uniq_jessica
D:3:      layout_loops_ring, gammafunk_temple_overflow_arena
D:4:      layout_basic, minmay_quadrilaterals, uniq_sigmund
D:5:      layout_cave_pools, uniq_crazy_yiuf_cottage
D:6:      layout_basic, lightli_ossuary_entry_decrepit_ruins,
          uniq_blork_the_orc, uniq_edmund, uniq_eustachio
D:7:      layout_basic, minmay_temple_entry_fiery, serial_shops,
          nicolae_shop_crystal, minmay_a_box_with_orc_wizards_in_it
D:8:      minmay_the_grid_octo_triangle [minmay_the_grid_octo_tetromino_candy,
          minmay_the_grid_octo_prize_big_c, minmay_the_grid_octo_toaster],
          layout_rooms, xom_butterflies, nicolae_overflow_hallway_of_the_gods,
          uniq_prince_ribbit1, uniq_maggie, uniq_pikel
Temple:   minmay_temple_curvy_loop

Skill      XL: |  1  2  3  4  5  6  7  8  9 |
---------------+----------------------------+-----
Fighting       | 4 5 6 7 8 10 | 10.6
Armour         | 4 5 6 7 |  7.7
Maces & Flails | 3 4 5 6 |  6.7
Shields        | 4 5 7 |  7.0

Action                   |  1- 3 |  4- 6 |  7- 9 | 10-12 || total
-------------------------+-------+-------+-------+-------++-------
Melee: Flail             |    95 |   123 |   251 |     3 ||   472
       Whip              |    19 |       |       |       ||    19
       Dagger            |       |    17 |   314 |       ||   331
Throw: Boomerang         |       |       |    13 |       ||    13
       Dart              |       |       |     8 |       ||     8
  Use: Potion            |     1 |       |     7 |       ||     8
       Scroll            |       |       |    20 |       ||    20
Armor: Scale mail        |    72 |    68 |       |       ||   140
       Chain mail        |       |    52 |   466 |       ||   518
Dodge: Dodged            |    67 |    52 |   123 |       ||   242
Block: Buckler           |    22 |    18 |       |       ||    40
       Tower shield      |       |    45 |   724 |     2 ||   771
       Reflection        |       |       |     9 |       ||     9

Table legend: (Time is in decaauts)
 A = Elapsed time spent in this place.
 B = Non-inter-level travel time spent in this place.
 C = Inter-level travel time spent in this place.
 D = Time resting spent in this place.
 E = Time spent auto-exploring this place.
 F = Levels seen in this place.
 G = Mean time per level.
                   A        B        C        D        E       F      G
               +--------+--------+--------+--------+--------+-----+--------+
         Total |  11036 |  10844 |    192 |   3469 |   5100 |  10 | 1103.6 |
       Dungeon |  10203 |  10035 |    168 |   3223 |   4786 |   8 | 1275.4 |
        Temple |    230 |    206 |     24 |      0 |    198 |   1 |  230.0 |
       Ossuary |    602 |    602 |      0 |    246 |    116 |   1 |  602.0 |
               +--------+--------+--------+--------+--------+-----+--------+

Top non-repeatable levels by time:
     D:7: 1745 daAuts
     D:1: 1662 daAuts
     D:4: 1628 daAuts
     D:6: 1396 daAuts
     D:2: 1343 daAuts
     D:3: 1298 daAuts
     D:5: 1078 daAuts
 Ossuary: 602 daAuts
  Temple: 230 daAuts
     D:8: 50 daAuts
